 Dungeon Crawl Stone Soup version 0.31-a0-986-g5e6e4ef867 (webtiles) character file.

Game seed: 9951752037250805475

16013 pokeman the Eclecticist (level 12, -2/68 HPs)
             Began as a Deep Elf Hedge Wizard on Nov 23, 2023.
             Was an Elder of Vehumet.
             Slain by a +4 long sword (9 damage)
             ... on level 12 of the Dungeon.
             The game lasted 00:26:19 (12654 turns).

pokeman the Eclecticist (Deep Elf Hedge Wizard)    Turns: 12654, Time: 00:26:19

Health: -2/68      AC:  9    Str:  7    XL:     12   Next: 6%
Magic:  4/34       EV: 18    Int: 25    God:    Vehumet [****..]
Gold:   513        SH:  0    Dex: 14    Spells: 10/43 levels left

rFire   + . .        j - staff of fire
rCold   . . .        (no shield)
rNeg    . . .        G - +0 steam dragon scales
rPois   .            c - +0 hat
rElec   .            U - +0 cloak
rCorr   .            r - +0 pair of gloves
SInv    .            n - +0 pair of boots
Will    +....        (no amulet)
Stlth   ++           m - ring of wizardry
HPRegen 0.31/turn    R - +5 ring of evasion
MPRegen 0.24/turn

%: wizardry (x1)
@: marked
A: no striking features
a: Renounce Religion


You were on level 12 of the Dungeon.
You worshipped Vehumet.
Vehumet was greatly pleased with you.
You visited 1 branch of the dungeon, and saw 13 of its levels.

You collected 709 gold pieces.
You spent 196 gold pieces at shops.

Inventory:

Hand Weapons
 L - a +2 dagger of venom
 Q - a +2 dagger of chaos
Missiles
 F - 4 throwing nets
 M - 2 curare-tipped darts
Armour
 c - a +0 hat (worn)
 h - an orb of light
 n - a +0 pair of boots (worn)
 r - a +0 pair of gloves (worn)
 s - a scarf of harm
 G - +0 steam dragon scales (worn)
 U - a +0 cloak (worn)
Magical Staves
 j - a staff of fire (weapon)
 u - a staff of poison
Jewellery
 m - a ring of wizardry (left hand)
 v - an amulet of faith
 B - a ring of resist corrosion
 R - a +5 ring of evasion (right hand)
Wands
 x - a wand of digging (7)
 D - a wand of paralysis (9)
 K - a wand of polymorph (6)
 P - a wand of iceblast (10)
Scrolls
 a - 2 scrolls of amnesia
 b - a scroll of summoning
 e - 3 scrolls of poison
 f - 6 scrolls of teleportation
 i - 2 scrolls of blinking
 l - a scroll of enchant armour
 o - 2 scrolls of immolation
 t - 3 scrolls of revelation
 y - 4 scrolls of noise {unknown}
 C - a scroll of enchant weapon {unknown}
 N - a scroll of brand weapon {unknown}
 O - a scroll of vulnerability {unknown}
 T - a scroll of acquirement {unknown}
Potions
 d - 5 potions of magic
 g - 8 potions of heal wounds
 k - 2 potions of degeneration {unknown}
 p - a potion of brilliance {unknown}
 q - 2 potions of enlightenment {unknown}
 z - a potion of berserk rage {unknown}
 A - a potion of resistance {unknown}
 E - a potion of ambrosia {unknown}
 H - 6 potions of attraction {unknown}
 I - a potion of invisibility {unknown}
 J - 4 potions of curing
 S - 2 potions of might {unknown}
 V - a potion of lignification {unknown}
 W - a potion of cancellation {unknown}


   Skills:
 + Level 5.0 Fighting
 - Level 5.0 Armour
 - Level 3.0 Dodging
 - Level 3.0 Stealth
 * Level 16.4 Spellcasting
 + Level 9.7 Conjurations
 - Level 1.1 Summonings
 - Level 1.1 Translocations
 + Level 9.3 Fire Magic
 - Level 1.0 Ice Magic
 - Level 1.1 Air Magic
 - Level 1.1 Earth Magic
 - Level 1.0 Poison Magic
 - Level 1.0 Evocations


You had 10 spell levels left.
You knew the following spells:

 Your Spells              Type           Power      Damage    Failure   Level
a - Magic Dart            Conj           100%       1d8       1%          1
b - Mephitic Cloud        Conj/Pois/Air  40%        N/A       1%          3
c - Call Imp              Summ           52%        N/A       1%          2
d - Blink                 Tloc           52%        N/A       1%          2
e - Stone Arrow           Conj/Erth      94%        3d12      1%          3
f - Fireball              Conj/Fire      40%        3d16      1%          5
g - Freezing Cloud        Conj/Ice/Air   20%        6-21      1%          5
h - Orb of Destruction    Conj           31%        9d10      4%          7
i - Lee's Rapid Deconstr  Erth           13%        3d9*      5%          5

Your spell library contained the following spells:

 Spells                   Type           Power      Damage    Failure   Level
 Frozen Ramparts          Ice            50%        1d8       1%          3
 Sandblast                Erth           52%        2d12      1%          1
 Slow                     Hex            80%        N/A       1%          1
 Cigotuvi's Dreadful Rot  Necr/Pois/Air  48%        N/A       1%          2
 Passwall                 Tmut/Erth      19%        N/A       1%          2
 Poisonous Vapours        Pois/Air       52%        N/A       1%          2
 Call Canine Familiar     Summ           26%        N/A       1%          3
 Dazzling Flash           Conj/Hex       88%        N/A       1%          3
 Ignite Poison            Fire/Tmut/Pois 54%        N/A       1%          3
 Brom's Barrelling Bould  Conj/Erth      47%        2d6       1%          4
 Summon Guardian Golem    Hex/Summ       23%        N/A       2%          3
 Sigil of Binding         Hex            20%        N/A       3%          3
 Tukima's Dance           Hex            20%        N/A       3%          3
 Animate Armour           Summ/Erth      52%        N/A       6%          4
 Manifold Assault         Tloc           26%        N/A       6%          4
 Passage of Golubria      Tloc           26%        N/A       6%          4
 Summon Lightning Spire   Summ/Air       26%        N/A       6%          4
 Yara's Violent Unravell  Hex/Tmut       10%        3d6       8%          5
 Dimensional Bullseye     Hex/Tloc       11%        N/A       9%          4
 Leda's Liquefaction      Hex/Erth       11%        N/A       9%          4
 Cause Fear               Hex            10%        N/A       11%         4
 Silence                  Hex/Air        11%        N/A       22%         5
 Spellforged Servitor     Conj/Summ      23%        N/A       24%         7
 Agony                    Necr           20%        N/A       26%         5
 Lehudib's Crystal Spear  Conj/Erth      23%        10d7      80%         8
 Dragon's Call            Summ           13%        N/A       100%        9


Dungeon Overview and Level Annotations

Branches:
Dungeon (13/15)            Temple (0/1) D:7            Lair (0/5) D:8
    Orc (0/2) D:11
 Vaults: D:13-14

Altars:
Cheibriados
Elyvilon
Fedhas
Qazlal
Ru
Trog
Uskayaw
Vehumet
Wu Jian
Xom
Yredelemnul

Shops:
D:8 (   D:10 !


Message History

* * * LOW HITPOINT WARNING * * *
You climb upwards.
Reactivating autopickup.
There is a stone staircase leading down here.
Unknown command.
Casting: Stone Arrow (safe; 1% risk of failure)
Confirm with . or Enter, or press ? or * to list all spells.
You blink.
Blink to where?
Press: ? - help, Dir - move target
As you read the scroll of blinking, it crumbles to dust.
Aiming: Paralyse
Press: ? - help, Shift-Dir - straight line, f - you
Okay, then.
Unknown command.
Casting: Blink (safe; 1% risk of failure)
Confirm with . or Enter, or press ? or * to list all spells.
Aiming: Stone Arrow (safe; 1% risk of failure)
Press: ? - help, Shift-Dir - straight line, f - +4 long sword
Aim: a +4 long sword (lightly damaged, 51% to hit)
The stone arrow hits the +4 long sword!!
The +4 long sword is severely damaged.
Unknown command.
Casting: Stone Arrow (safe; 1% risk of failure)
Confirm with . or Enter, or press ? or * to list all spells.
Aiming: Stone Arrow (safe; 1% risk of failure)
Press: ? - help, Shift-Dir - straight line, f/p - +4 long sword
Aim: a +4 long sword (severely damaged, 51% to hit)
The stone arrow misses the +4 long sword.
You feel ready to blink again.
Unknown command.
Casting: Stone Arrow (safe; 1% risk of failure)
Confirm with . or Enter, or press ? or * to list all spells.
Aiming: Stone Arrow (safe; 1% risk of failure)
Press: ? - help, Shift-Dir - straight line, f/p - +4 long sword
Aim: a +4 long sword (severely damaged, 51% to hit)
The stone arrow hits the +4 long sword.
The +4 long sword is severely damaged.
The +4 long sword hits you!
You die...

..#........)....######........#
..#...........................###
###.............#####...........#
.##.............# #).............
................###....#........#
#.#..............................
#....##.........##...............
####.###.......##......#........#
.# #............@(...>.#........#
.# #####...<....................#
.# ###.#....................# .##
#..#.......#####........#
..#######.#........### #....#####
............>........######.#
..........######.###..#####.##
.#.........#........#.......<###
...#................#......#...##


You could see a +4 long sword.

Vanquished Creatures
  A hydra (D:8)
  A centaur warrior (D:12)
  A two-headed ogre (D:9)
  A cyclops (D:12)
  A manticore (D:11)
  A black mamba (shapeshifter) (D:13)
  5 centaur zombies (D:10)
  3 unseen horrors
  An unseen horror zombie (D:10)
  Psyche (D:8)
  A yaktaur (shapeshifter) (D:8)
  3 trolls
  A meliai zombie (D:10)
  5 wraiths
  14 yaks
  2 vampires
  4 shadows
  A wyvern (D:8)
  Eustachio (D:5)
  4 steam dragons
  4 vampire mosquitoes
  3 water moccasins
  7 orc warriors
  A black bear (D:6)
  An ice beast (D:8)
  An ogre (D:5)
  A phantom (D:6)
  4 centaurs
  3 kobold brigands
  5 bullfrogs
  3 scorpions
  27 wights
  An electric eel (D:6)
  2 howler monkeys
  3 hounds (D:4)
  A jelly (D:5)
  4 orc priests
  4 gnoll boudas
  2 iguanas (D:6)
  5 orc wizards
  A sleepcap (D:5)
  14 gnolls
  6 adders
  A shadow imp (D:7)
  3 white imps
  6 ufetubi
  3 worms
  2 dart slugs
  20 orcs
  4 endoplasms
  3 giant cockroaches
  3 hobgoblins
  2 jackals (D:3)
  11 kobolds
  4 quokkas
  3 training dummies (D:8)
  5 ball pythons
  5 bats
  2 frilled lizards
  6 goblins
  6 rats
244 creatures vanquished.

Vanquished Creatures (others)
  An orc wizard (D:5)
1 creature vanquished.

Grand Total: 245 creatures vanquished

Notes
Turn   | Place    | Note
-------+----------+-------------------------------------------
     0 | D:1      | pokeman the Deep Elf Hedge Wizard began the quest for the
                  | Orb.
     0 | D:1      | Reached XP level 1. HP: 10/10 MP: 7/7
   323 | D:1      | Reached XP level 2. HP: 15/15 MP: 1/9
  1534 | D:3      | Reached skill level 5 in Spellcasting
  1676 | D:3      | Reached XP level 3. HP: 14/20 MP: 4/11
  1749 | D:3      | Learned a level 3 spell: Mephitic Cloud
  1752 | D:3      | Learned a level 2 spell: Call Imp
  1755 | D:3      | Learned a level 2 spell: Blink
  1759 | D:3      | Learned a level 3 spell: Stone Arrow
  2059 | D:3      | Reached skill level 1 in Fighting
  2117 | D:3      | Found a faded altar of an unknown god.
  2128 | D:3      | Reached skill level 1 in Armour
  2386 | D:3      | Reached XP level 4. HP: 25/25 MP: 2/13
  2664 | D:3      | Found a bloodstained altar of Trog.
  2665 | D:3      | Found a basalt altar of Yredelemnul.
  2665 | D:3      | Found a hide-covered altar of Uskayaw.
  2666 | D:3      | Found a sacrificial altar of Ru.
  3068 | D:4      | Found a stormy altar of Qazlal.
  3095 | D:4      | Reached skill level 6 in Spellcasting
  3095 | D:4      | Reached XP level 5. HP: 25/29 MP: 5/15
  3764 | D:5      | Entered Level 5 of the Dungeon
  3790 | D:5      | Noticed an ogre
  3793 | D:5      | Killed an ogre
  3794 | D:5      | Reached skill level 1 in Fire Magic
  3794 | D:5      | Reached skill level 1 in Air Magic
  3794 | D:5      | Reached skill level 1 in Earth Magic
  3794 | D:5      | Reached skill level 1 in Poison Magic
  3794 | D:5      | Reached skill level 1 in Evocations
  3794 | D:5      | Reached XP level 6. HP: 34/34 MP: 6/17
  3800 | D:5      | Learned a level 5 spell: Lee's Rapid Deconstruction
  4129 | D:5      | Found a radiant altar of Vehumet.
  4137 | D:5      | Reached skill level 7 in Spellcasting
  4219 | D:5      | Became a worshipper of Vehumet
  4290 | D:5      | Noticed Eustachio
  4306 | D:5      | Reached XP level 7. HP: 15/38 MP: 9/19
  4306 | D:5      | Killed Eustachio
  4636 | D:5      | Learned a level 5 spell: Freezing Cloud
  4645 | D:5      | Found a snail-covered altar of Cheibriados.
  4650 | D:5      | Found a white marble altar of Elyvilon.
  4679 | D:5      | Noticed a steam dragon
  4692 | D:5      | Killed a steam dragon
  4693 | D:5      | Reached skill level 8 in Spellcasting
  4834 | D:5      | Reached skill level 1 in Ice Magic
  5160 | D:6      | Reached XP level 8. HP: 44/44 MP: 5/22
  5356 | D:6      | Reached skill level 9 in Spellcasting
  5400 | D:6      | Reached * piety under Vehumet
  5400 | D:6      | Offered knowledge of Sandblast by Vehumet.
  5786 | D:6      | Reached skill level 5 in Conjurations
  5840 | D:6      | Reached skill level 10 in Spellcasting
  6141 | D:6      | Reached XP level 9. HP: 36/48 MP: 11/25
  6480 | D:6      | Reached skill level 5 in Fire Magic
  6875 | D:6      | Found a shimmering altar of Xom.
  6943 | D:7      | Reached skill level 11 in Spellcasting
  6970 | D:7      | Reached ** piety under Vehumet
  7181 | D:7      | Offered knowledge of Static Discharge by Vehumet.
  7315 | D:7      | Found an ornate altar of the Wu Jian Council.
  7383 | D:7      | Found a blossoming altar of Fedhas.
  7610 | D:7      | Found a staircase to the Ecumenical Temple.
  7887 | D:8      | Noticed Psyche
  7895 | D:8      | Killed Psyche
  7924 | D:8      | Reached skill level 12 in Spellcasting
  8186 | D:8      | Noticed a four-headed hydra
  8192 | D:8      | Killed a four-headed hydra
  8193 | D:8      | Reached XP level 10. HP: 56/56 MP: 17/28
  8430 | D:8      | Reached skill level 13 in Spellcasting
  8661 | D:8      | Offered knowledge of Inner Flame by Vehumet.
  8888 | D:8      | Found a staircase to the Lair.
  9155 | D:8      | Found Mola's Firing Range.
  9172 | D:8      | Reached *** piety under Vehumet
  9260 | D:8      | Learned a level 7 spell: Orb of Destruction
  9343 | D:9      | Noticed a two-headed ogre
  9352 | D:9      | Killed a two-headed ogre
  9353 | D:9      | Reached skill level 14 in Spellcasting
  9621 | D:9      | Reached XP level 11. HP: 59/61 MP: 26/31
 10270 | D:10     | Entered Level 10 of the Dungeon
 10291 | D:10     | Found Fooguk's Distillery.
 10485 | D:10     | Bought a potion of heal wounds for 70 gold pieces
 10485 | D:10     | Bought a potion of curing for 42 gold pieces
 10485 | D:10     | Bought a potion of curing for 42 gold pieces
 10485 | D:10     | Bought a potion of curing for 42 gold pieces
 10511 | D:10     | Offered knowledge of Brom's Barrelling Boulder by Vehumet.
 10558 | D:10     | Reached skill level 15 in Spellcasting
 10767 | D:10     | Reached skill level 5 in Armour
 11113 | D:10     | You fall into a shaft and drop 1 floor!
 11440 | D:11     | Reached **** piety under Vehumet
 11450 | D:11     | Offered knowledge of Frozen Ramparts by Vehumet.
 11522 | D:11     | Learned a level 5 spell: Fireball
 11722 | D:11     | Reached skill level 16 in Spellcasting
 11827 | D:11     | Found a staircase to the Orcish Mines.
 12055 | D:12     | Noticed a centaur warrior
 12058 | D:12     | Killed a centaur warrior
 12335 | D:12     | Reached XP level 12. HP: 68/68 MP: 23/34
 12394 | D:12     | Reached skill level 5 in Fighting
 12646 | D:13     | Noticed a vault guard
 12648 | D:13     | Noticed a boulder beetle
 12654 | D:12     | Slain by a +4 long sword

Illustrated notes

Levels and vault maps discovered:
D:1:      wander_arrival_peaceful_grave, layout_basic, patterned_corridor
D:2:      layout_loops_cross, kennysheep_generic_room_15
D:3:      layout_basic, chequers_temple_overflow_statue_of_worship,
          hellmonk_ecumenical_altar_arch_garden, nicolae_underground_beach
D:4:      layout_gridville, mainiacjoe_overflow_alcove_1,
          grunt_decor_one_mirror, kennysheep_big_empty_room
D:5:      layout_loops_ring, fiery_altar_vehumet, minitemple,
          chequers_serial_rivers_micro_e, minmay_curled_crystal, uniq_eustachio
D:6:      wad_river_or_something, layout_basic, kennysheep_mini
D:7:      layout_basic, mainiacjoe_overflow_two_lobes, temple_fountains
D:8:      minmay_opposing_rooms, layout_rooms, nicolae_shop_firing_range,
          uniq_psyche
D:9:      layout_grid_maze, hangedman_decor_clover_reticule
D:10:     layout_rooms, makhleb_altar_promises_db, serial_undead,
          serial_undead_c, serial_undead_a, serial_undead_d, serial_undead_e,
          serial_undead_d, serial_undead_f, serial_shops, shop, shop,
          chequers_avenue, grunt_potential
D:11:     layout_stronghold, orc_0_dummy, serial_column_ruins,
          column_ruins_grid_3, column_ruins_open_small, column_ruins_open_tiny
D:12:     layout_rooms
D:13:     layout_loops_ring, erik_vaults_1, gauntlet_entry_generic,
          nicolae_shop_dragon_depot, uniq_rupert

Skill      XL: |  1  2  3  4  5  6  7  8  9 10 11 12 |
---------------+-------------------------------------+-----
Spellcasting   | 5 6 7 8 10 12 14 16 | 16.4
Conjurations   | 2 3 4 5 7 8 9 |  9.7
Fighting       | 1 2 3 4 5 |  5.0
Armour         | 1 3 4 5 |  5.0
Dodging        | 3 |  3.0
Stealth        | 3 |  3.0
Fire Magic     | 1 2 3 4 6 7 9 |  9.3
Air Magic      | 1 |  1.1
Earth Magic    | 1 |  1.1
Poison Magic   | 1 |  1.0
Evocations     | 1 |  1.0
Ice Magic      | 1 |  1.0
Summonings     | |  1.1
Translocations | |  1.1

Action                     |  1- 3 |  4- 6 |  7- 9 | 10-12 || total
---------------------------+-------+-------+-------+-------++-------
  Melee: Dagger            |     4 |    56 |    44 |    53 ||   157
         Punch             |       |     1 |     3 |       ||     4
         Short sword       |       |       |     1 |       ||     1
         Staff             |       |       |       |     2 ||     2
   Cast: Magic Dart        |   111 |    68 |    29 |    18 ||   226
         Stone Arrow       |     1 |     2 |   113 |   127 ||   243
         Mephitic Cloud    |       |     8 |    10 |     8 ||    26
         Call Imp          |       |     1 |     1 |       ||     2
         Freezing Cloud    |       |       |       |    13 ||    13
         Blink             |       |       |       |     2 ||     2
         Fireball          |       |       |       |    17 ||    17
  Evoke: Wand              |       |       |     1 |       ||     1
    Use: Scroll            |       |       |       |    10 ||    10
   Stab: Confused          |       |     5 |     4 |     7 ||    16
         Sleeping          |       |     1 |       |       ||     1
         Paralysed         |       |       |     1 |       ||     1
 Armour: Robe              |    12 |    23 |     4 |       ||    39
         Steam dragon scal |       |       |    40 |    70 ||   110
  Dodge: Dodged            |    19 |    23 |    38 |    77 ||   157

Table legend: (Time is in decaauts)
 A = Elapsed time spent in this place.
 B = Non-inter-level travel time spent in this place.
 C = Inter-level travel time spent in this place.
 D = Time resting spent in this place.
 E = Time spent auto-exploring this place.
 F = Levels seen in this place.
 G = Mean time per level.
                   A        B        C        D        E       F      G
               +--------+--------+--------+--------+--------+-----+--------+
         Total |  12662 |  12309 |    353 |    599 |  10058 |  13 |  974.0 |
       Dungeon |  12662 |  12309 |    353 |    599 |  10058 |  13 |  974.0 |
               +--------+--------+--------+--------+--------+-----+--------+

Top non-repeatable levels by time:
     D:6: 1763 daAuts
     D:8: 1388 daAuts
     D:5: 1377 daAuts
     D:3: 1209 daAuts
    D:11: 1053 daAuts
     D:9: 994 daAuts
     D:7: 978 daAuts
     D:1: 914 daAuts
     D:2: 876 daAuts
    D:10: 853 daAuts
     D:4: 762 daAuts
    D:12: 475 daAuts
    D:13: 14 daAuts
